[Event "Titled Tuesday Blitz January 25 2022"]
[White "Atakhan, Abtin"]
[Black "Ogloblin, Nikolay"]
[WhiteFideId "22502203"]
[BlackFideId "4139658"]
[WhiteElo "2119"]
[BlackElo "2306"]
[Result "0-1"]
[Round "11"]
[TimeControl "180+1"]
[Date "2022.01.26"]
[WhiteClock "0:00:03"]
[BlackClock "0:00:49"]

1. d4 Nf6 2. Nf3 e6 3. g3 b5 4. Bg2 Bb7 5. a4 b4 6. c3 c5 7. O-O a5 8. Nbd2 d5 9. dxc5 Bxc5 10. Nb3 Be7 11. Ne5 O-O 12. Be3 bxc3 13. bxc3 Nbd7 14. Nd3 Ba6 15. Nd4 Rc8 16. Nb5 Nc5 17. Nxc5 Bxc5 18. Bxc5 Rxc5 19. Qd4 Rc4 20. Qa7 Bxb5 21. axb5 Rxc3 22. Rxa5 Rb3 23. Rc1 Qb8 24. Qc5 h5 25. Bf3 g6 26. Kg2 Kg7 27. h4 Rb2 28. Qc6 Rb4 29. Rc2 Rd8 30. Qc7 Qxc7 31. Rxc7 Rd7 32. Rxd7 Nxd7 33. e3 Ne5 34. Be2 Kf6 35. Ra8 Nc4 36. Rb8 Rb2 37. Kf1 Nd2+ 38. Kg2 Ne4 39. Kf1 Nc3 40. Bd3 e5 41. b6 e4 42. Ba6 Na4 43. b7 Nc5 44. Ra8 Nxa6 45. Rxa6+ Ke5 46. Ra7 f6 47. Kg2 g5 48. hxg5 fxg5 49. Kg1 Kf5 50. Ra5 Ke6 51. Ra6+ Ke5 52. Ra7 Kf5 53. Ra5 Rxb7 54. Rxd5+ Kg4 55. Kg2 h4 56. Re5 h3+ 57. Kh2 Kf3 58. Rxg5 Kxf2 59. Kxh3 Kxe3 60. Re5 Rg7 61. Re8 Kf3 62. Kh4 Rg4+ 63. Kh5 Rxg3 64. Kh4 Rg4+ 65. Kh3 Rf4 66. Kh2 e3 67. Kg1 Ke2 68. Kg2 Rf2+ 69. Kg3 Rf7 70. Re5 Kd3 71. Rd5+ Ke4 72. Rd8 e2 73. Re8+ Kd3 74. Rd8+ Kc2 75. Re8 Kd1 76. Rd8+ Ke1 77. Re8 Rg7+ 78. Kf3 Kf1 0-1


[Site "https://www.chess.com"]

[Event "Titled Tuesday Blitz January 25 2022"]
[White "Babazada, Khazar"]
[Black "Howell, David W L"]
[WhiteFideId "13413554"]
[BlackFideId "410608"]
[WhiteElo "2418"]
[BlackElo "2559"]
[Result "0-1"]
[Round "11"]
[TimeControl "180+1"]
[Date "2022.01.26"]
[WhiteClock "0:00:03"]
[BlackClock "0:00:29"]

1. Nf3 Nc6 2. d4 d5 3. g3 Bf5 4. Bg2 Nb4 5. Na3 h6 6. O-O e6 7. c3 Nc6 8. Nc2 Nf6 9. Re1 Be7 10. Bf4 O-O 11. h4 a5 12. Ne5 Nxe5 13. dxe5 Ne4 14. Nd4 Bh7 15. h5 a4 16. Rc1 c5 17. Nb5 Qb6 18. c4 Rfd8 19. Bxe4 Bxe4 20. Nd6 Bxd6 21. exd6 Qxb2 22. cxd5 exd5 23. Rxc5 Qxa2 24. Qd4 a3 25. f3 Bf5 26. Be5 f6 27. Bxf6 gxf6 28. Qxf6 Qd2 29. Kf2 Qg5 30. Qd4 Be6 31. Rc7 a2 32. f4 Qg4 33. Ra1 Rxd6 34. Rxb7 Bf7 35. Rc1 Re6 36. e3 Qxh5 37. Rcc7 a1=Q 0-1


[Site "https://www.chess.com"]

[Event "Titled Tuesday Blitz January 25 2022"]
[White "Bambino Filho, Antonio Carlos"]
[Black "Jary, Sergey"]
[WhiteFideId "2113163"]
[BlackFideId "14110350"]
[WhiteElo "2443"]
[BlackElo "2260"]
[Result "1-0"]
[Round "11"]
[TimeControl "180+1"]
[Date "2022.01.26"]
[WhiteClock "0:01:55"]
[BlackClock "0:00:49"]

1. d4 Nf6 2. c4 g6 3. Nc3 Bg7 4. e4 d6 5. Be2 O-O 6. Bg5 h6 7. Be3 e6 8. Qd2 Kh7 9. h4 h5 10. Nh3 d5 11. Ng5+ Kg8 12. e5 Nh7 13. g4 Nxg5 14. hxg5 hxg4 15. Bxg4 dxc4 16. Ne4 Nd7 17. f4 c5 18. dxc5 Qe7 19. Nf6+ Nxf6 20. gxf6 Bxf6 21. exf6 Qxf6 22. Bd4 e5 23. Bxe5 Re8 24. O-O-O Rxe5 25. fxe5 Qxe5 26. Qd8+ Kg7 27. Qh8# 1-0


[Site "https://www.chess.com"]

[Event "Titled Tuesday Blitz January 25 2022"]
[White "Bauer, Thomas"]
[Black "Papp, Levente"]
[WhiteFideId "1639293"]
[BlackFideId "751243"]
[WhiteElo "2220"]
[BlackElo "2308"]
[Result "0-1"]
[Round "11"]
[TimeControl "180+1"]
[Date "2022.01.26"]
[WhiteClock "0:00:02"]
[BlackClock "0:00:41"]

1. e4 e6 2. d3 d5 3. Nd2 Nf6 4. Ngf3 Bc5 5. h3 O-O 6. g3 Nc6 7. Bg2 dxe4 8. dxe4 e5 9. O-O h6 10. Qe2 Be6 11. Qb5 Qe7 12. Qxb7 Nb4 13. Qb5 Nxc2 14. Rb1 Bxa2 15. Nb3 Bb6 16. Nh4 Qe6 17. Nd2 g6 18. Qd3 Qc6 19. Rd1 Rad8 20. Qf1 Bxb1 21. Nxb1 Kg7 22. Nc3 Qc5 23. Na4 Qxf2+ 24. Kh2 Rxd1 25. Qxd1 Be3 26. Nc3 Bxc1 27. Qxc1 Ne3 0-1


[Site "https://www.chess.com"]

[Event "Titled Tuesday Blitz January 25 2022"]
[White "Baules Rodriguez, Jorge Luis"]
[Black "Kamsky, Gata"]
[WhiteFideId "6600247"]
[BlackFideId "2000024"]
[WhiteElo "2375"]
[BlackElo "2645"]
[Result "1-0"]
[Round "11"]
[TimeControl "180+1"]
[Date "2022.01.26"]
[WhiteClock "0:00:17"]
[BlackClock "0:00:01"]

1. e4 c6 2. d4 d5 3. Nc3 g6 4. Nf3 Bg4 5. Be3 Bg7 6. Be2 Bxf3 7. Bxf3 e6 8. Qd2 dxe4 9. Nxe4 Nf6 10. O-O Nxe4 11. Bxe4 Nd7 12. c4 O-O 13. Rad1 Nb6 14. b3 Qe7 15. Rfe1 Rad8 16. Qa5 Nc8 17. d5 cxd5 18. cxd5 b6 19. Qa4 e5 20. Bd2 Nd6 21. Bd3 f5 22. Bb4 a5 23. Ba3 e4 24. Bb5 Be5 25. Rc1 Qg5 26. Bd7 h5 27. Qc6 Nf7 28. Bxf8 Kxf8 29. Be6 Nd6 30. Qxb6 Kg7 31. Rc7+ Kh6 32. Qa7 Qd2 33. Rh7+ Kg5 34. Rf1 Bf6 35. g3 Kg4 36. Kg2 Qe2 37. Qe3 Qxe3 38. fxe3 1-0


[Site "https://www.chess.com"]

[Event "Titled Tuesday Blitz January 25 2022"]
[White "Bethke, Richard"]
[Black "Kim, Sergey"]
[WhiteFideId "12959243"]
[BlackFideId "13700570"]
[WhiteElo "2459"]
[BlackElo "2597"]
[Result "0-1"]
[Round "11"]
[TimeControl "180+1"]
[Date "2022.01.26"]
[WhiteClock "0:00:52"]
[BlackClock "0:01:50"]

1. e3 Nf6 2. c4 g6 3. Nc3 Bg7 4. b3 O-O 5. Bb2 d6 6. g3 e5 7. Bg2 Re8 8. Nge2 c6 9. O-O Nbd7 10. d4 e4 11. d5 c5 12. Qc2 Qe7 13. Rad1 h5 14. Rfe1 h4 15. Nf4 Nf8 16. f3 exf3 17. Bxf3 h3 18. e4 N8d7 19. Nd3 Nh7 20. Ne2 Ng5 21. Bh1 Ne5 22. Nxe5 Bxe5 23. Bxe5 Qxe5 24. Qc3 Bg4 25. Rd2 Nxe4 26. Bxe4 Qxe4 0-1


[Site "https://www.chess.com"]

[Event "Titled Tuesday Blitz January 25 2022"]
[White "Bodnar, Nikolay"]
[Black "Sinitsina, Anastassia"]
[WhiteFideId "14106469"]
[BlackFideId "4504640"]
[WhiteElo "2296"]
[BlackElo "2144"]
[Result "1-0"]
[Round "11"]
[TimeControl "180+1"]
[Date "2022.01.26"]
[WhiteClock "0:01:33"]
[BlackClock "0:00:11"]

1. e4 e5 2. Nf3 Nc6 3. Bc4 Bc5 4. c3 Nf6 5. d3 d6 6. O-O h6 7. b4 Bb6 8. a4 a5 9. b5 Ne7 10. Re1 O-O 11. Nbd2 Ng6 12. Ba3 c6 13. d4 Re8 14. dxe5 Ng4 15. Re2 Nf4 16. exd6 Nxe2+ 17. Qxe2 Nxf2 18. Nd4 Ng4 19. Rf1 Ne5 20. Qh5 Be6 21. Bxe6 Rxe6 22. Kh1 Re8 23. Rf5 Bxd4 24. cxd4 g6 25. Qxh6 gxf5 26. dxe5 Re6 27. Qf4 cxb5 28. exf5 Re8 29. f6 Kh7 30. Qh4+ Kg6 31. Qg4+ Kh6 32. Qg7+ Kh5 33. g4+ Kh4 34. Kg2 1-0


[Site "https://www.chess.com"]

[Event "Titled Tuesday Blitz January 25 2022"]
[White "Bortnyk, Olexandr"]
[Black "Mirzoev, Azer"]
[WhiteFideId "14120828"]
[BlackFideId "13400304"]
[WhiteElo "2723"]
[BlackElo "2525"]
[Result "1/2-1/2"]
[Round "11"]
[TimeControl "180+1"]
[Date "2022.01.26"]
[WhiteClock "0:00:04"]
[BlackClock "0:00:51"]

1. d4 d5 2. Nc3 c6 3. Bf4 Qb6 4. Rb1 Bf5 5. e3 e6 6. a3 Nd7 7. Nf3 Ngf6 8. Bd3 Bg6 9. O-O Be7 10. h3 O-O 11. b4 a5 12. Na4 Qa7 13. Nc5 b6 14. Nxd7 Nxd7 15. Bxg6 hxg6 16. Re1 c5 17. b5 Rac8 18. a4 Qb7 19. c3 cxd4 20. cxd4 Bb4 21. Re2 Nf6 22. Ng5 Rc4 23. Rc2 Rfc8 24. Rxc4 dxc4 25. Qc2 c3 26. Be5 Qd5 27. Bxf6 gxf6 28. Ne4 Kg7 29. Rd1 f5 30. Ng5 Be7 31. Nf3 Qe4 32. Ne1 Bd6 33. Qxe4 fxe4 34. Nc2 Rc4 35. Ra1 e5 36. dxe5 Bxe5 37. Kf1 f5 38. g3 Kf6 39. h4 Ke6 40. Ke2 Kd5 41. Rd1+ Kc5 42. Ra1 Kd6 43. Rd1+ Ke6 44. Ra1 Rc8 45. Rd1 Rc4 46. Ra1 1/2-1/2


[Site "https://www.chess.com"]

[Event "Titled Tuesday Blitz January 25 2022"]
[White "Brodowski, Piotr"]
[Black "Shipov, Sergei"]
[WhiteFideId "1124480"]
[BlackFideId "4113624"]
[WhiteElo "2422"]
[BlackElo "2769"]
[Result "0-1"]
[Round "11"]
[TimeControl "180+1"]
[Date "2022.01.26"]
[WhiteClock "0:00:01"]
[BlackClock "0:01:25"]

1. c4 Nf6 2. Nc3 c5 3. Nf3 e6 4. g3 b6 5. Bg2 Bb7 6. O-O Be7 7. d4 cxd4 8. Qxd4 d6 9. b3 O-O 10. Bb2 Nbd7 11. Rad1 a6 12. e4 Qc7 13. Rfe1 Rfe8 14. h3 Rac8 15. Qe3 Bf8 16. Rc1 Qb8 17. Qd2 Qa8 18. Nd4 g6 19. a4 Nc5 20. b4 Ncxe4 21. Nxe4 Nxe4 22. Qd3 Ng5 23. Bxb7 Qxb7 24. Qf1 e5 25. h4 Ne4 26. Nf3 Bh6 27. Rcd1 b5 28. cxb5 axb5 29. Qxb5 Qxb5 30. axb5 Rc2 31. Bc1 Rxc1 32. Rxc1 Bxc1 33. Rxe4 Rb8 34. Rc4 Ba3 35. Rc6 Bxb4 36. b6 Bc5 37. Nxe5 Rxb6 38. Rc8+ Kg7 39. Nd7 Rb1+ 40. Kg2 Bd4 41. Rc4 Rd1 42. Kf3 d5 43. Ra4 Rd2 44. Kg4 h5+ 45. Kh3 Bxf2 46. Ne5 Bg1 47. g4 hxg4+ 48. Kxg4 Rd4+ 49. Rxd4 Bxd4 50. Nf3 Be3 51. h5 Kf6 52. hxg6 fxg6 53. Ne1 Ke5 54. Kf3 Bh6 55. Nd3+ Kd4 56. Nf2 Kc3 57. Ng4 Bg7 58. Ke2 d4 59. Nf2 Be5 60. Ne4+ Kc4 61. Nd2+ Kd5 62. Nf3 Bf4 63. Kd3 Be3 64. Nh4 g5 65. Nf5 Bf2 66. Ke2 Ke5 67. Ne7 Be3 68. Nc6+ Ke4 69. Nb4 g4 70. Nd3 g3 71. Ne1 Bf2 72. Nd3 Be3 73. Ne1 Bg5 74. Nd3 g2 75. Nf2+ Kd5 76. Nh3 Be3 77. Kd3 g1=Q 0-1


[Site "https://www.chess.com"]

[Event "Titled Tuesday Blitz January 25 2022"]
[White "Brunner, Nicolas"]
[Black "Kekic, Armin"]
[WhiteFideId "620246"]
[BlackFideId "14401274"]
[WhiteElo "2372"]
[BlackElo "2156"]
[Result "1-0"]
[Round "11"]
[TimeControl "180+1"]
[Date "2022.01.26"]
[WhiteClock "0:01:53"]
[BlackClock "0:01:03"]

1. d4 d6 2. e4 e5 3. Nf3 Nd7 4. Nc3 Ngf6 5. Bc4 exd4 6. Nxd4 Nc5 7. O-O Be7 8. f3 O-O 9. a3 c6 10. Ba2 Qc7 11. Kh1 Ne6 12. Nf5 Re8 13. g4 Bf8 14. g5 Nd7 15. f4 Ndc5 16. Qf3 Nd8 17. Ng3 Nde6 18. f5 Nd4 19. Qf2 Nb5 20. Nxb5 cxb5 21. g6 hxg6 22. fxg6 Be6 23. gxf7+ 1-0


[Site "https://www.chess.com"]

[Event "Titled Tuesday Blitz January 25 2022"]
[White "Bryakin, Mikhail"]
[Black "Pavlidou, Ekaterini"]
[WhiteFideId "4165314"]
[BlackFideId "4213262"]
[WhiteElo "2421"]
[BlackElo "2127"]
[Result "0-1"]
[Round "11"]
[TimeControl "180+1"]
[Date "2022.01.26"]
[WhiteClock "0:00:03"]
[BlackClock "0:00:05"]

1. e4 c5 2. Nc3 Nc6 3. g3 g6 4. Bg2 Bg7 5. Nf3 d6 6. d3 e5 7. O-O h6 8. a4 Nge7 9. Nd2 Be6 10. Nc4 O-O 11. Ne3 Qd7 12. Ncd5 f5 13. Bd2 f4 14. Nxe7+ Nxe7 15. Nd5 Nxd5 16. exd5 Bg4 17. f3 Bh3 18. g4 Bxg2 19. Kxg2 e4 20. dxe4 Bxb2 21. Rb1 Be5 22. c4 Rf7 23. h4 h5 24. g5 Re8 25. Qb3 Bd4 26. Qc2 Re5 27. a5 Qd8 28. Be1 Qc8 29. Bf2 Rc7 30. Rfd1 Bxf2 31. Qxf2 Rf7 32. Qb2 Rxe4 33. fxe4 f3+ 34. Kh2 f2 35. Rf1 Qg4 36. Rxf2 Qxh4+ 37. Kg1 Qg3+ 38. Rg2 Qe3+ 39. Kh1 Rf3 40. Rbg1 Qxe4 41. Rd1 Rh3+ 42. Kg1 Qh4 43. Rh2 Qg4+ 44. Rg2 Qxd1+ 45. Kf2 Rf3# 0-1


[Site "https://www.chess.com"]

[Event "Titled Tuesday Blitz January 25 2022"]
[White "Carlsson, Ludvig"]
[Black "Havanecz, Bianka"]
[WhiteFideId "1727010"]
[BlackFideId "704814"]
[WhiteElo "2178"]
[BlackElo "2399"]
[Result "1-0"]
[Round "11"]
[TimeControl "180+1"]
[Date "2022.01.26"]
[WhiteClock "0:01:00"]
[BlackClock "0:00:01"]

1. d4 d5 2. Nf3 Nf6 3. c4 e6 4. g3 Be7 5. Bg2 O-O 6. O-O dxc4 7. Na3 Bxa3 8. bxa3 Nbd7 9. a4 a5 10. Ba3 Re8 11. Qc2 Nb6 12. Bc5 Bd7 13. Bxb6 cxb6 14. Qxc4 Bc6 15. Rab1 Rc8 16. Qb3 Nd5 17. Ne5 Nb4 18. Nxc6 bxc6 19. a3 Nd5 20. e4 Nf6 21. Qxb6 Qxb6 22. Rxb6 c5 23. d5 exd5 24. exd5 Red8 25. Rd1 c4 26. Rb5 c3 27. Rxa5 c2 28. Rc1 g6 29. Rb5 Rc3 30. Rb2 Rdc8 31. a5 Rxa3 32. Rbxc2 Rxc2 33. Rxc2 Rxa5 34. Rd2 Ra1+ 35. Bf1 Ne4 36. Rd4 Nd6 37. Kg2 Ra2 38. Bd3 Kg7 39. Kf1 h5 40. h4 Kf6 41. Be2 Ke5 42. Rd3 f5 43. Bd1 Ra5 44. Bb3 Rb5 45. Ke2 f4 46. Kf3 fxg3 47. Kxg3 Rb4 48. Re3+ Kf5 49. Bc2+ Ne4+ 50. Rxe4 Rxe4 51. Kf3 Ke5 52. Bxe4 Kd6 53. Bxg6 1-0


[Site "https://www.chess.com"]

[Event "Titled Tuesday Blitz January 25 2022"]
[White "Cherniaiev, Tykhon"]
[Black "Moskalenko, Alexander"]
[WhiteFideId "14182360"]
[BlackFideId "4155351"]
[WhiteElo "2289"]
[BlackElo "2515"]
[Result "1-0"]
[Round "11"]
[TimeControl "180+1"]
[Date "2022.01.26"]
[WhiteClock "0:00:09"]
[BlackClock "0:00:06"]

1. Nf3 d6 2. d4 g6 3. b3 Bg7 4. Bb2 f5 5. c4 Nf6 6. Nc3 O-O 7. g3 c6 8. Bg2 Qe8 9. O-O e5 10. dxe5 dxe5 11. e4 f4 12. gxf4 Nh5 13. Ne2 Nxf4 14. Nxf4 Rxf4 15. Qd6 Nd7 16. Rad1 Rf6 17. Qd2 Rf8 18. Qd6 Rf6 19. Qd2 a5 20. a3 Rf4 21. Qd6 Qf8 22. Qe6+ Kh8 23. Ng5 Nc5 24. Qd6 Qxd6 25. Rxd6 Kg8 26. Rd8+ Rf8 27. Rfd1 Bg4 28. Rxf8+ Rxf8 29. f3 Bc8 30. b4 axb4 31. axb4 Na4 32. Ba1 Bf6 33. Nh3 Be6 34. c5 b6 35. cxb6 Nxb6 36. Nf2 Nc4 37. Re1 Rb8 38. Bc3 Bg5 39. Nd3 Be3+ 40. Kh1 Bd4 41. Rc1 Bxc3 42. Rxc3 Bf7 43. Bf1 c5 44. Nxc5 Rxb4 45. Bxc4 Bxc4 46. Nd7 Rb1+ 47. Kg2 Bf1+ 48. Kf2 Rb2+ 49. Kxf1 Rxh2 50. Nxe5 Kg7 51. Rc7+ Kg8 52. Ng4 Ra2 53. Nf6+ Kf8 54. Nxh7+ Ke8 55. Nf6+ Kf8 56. e5 Ra3 57. Kf2 Ra2+ 58. Kg3 Ra1 59. e6 Re1 60. Rf7# 1-0


[Site "https://www.chess.com"]

[Event "Titled Tuesday Blitz January 25 2022"]
[White "Costachi, Mihnea"]
[Black "Gunina, Valentina"]
[WhiteFideId "1217518"]
[BlackFideId "4167570"]
[WhiteElo "2464"]
[BlackElo "2465"]
[Result "1-0"]
[Round "11"]
[TimeControl "180+1"]
[Date "2022.01.26"]
[WhiteClock "0:00:08"]
[BlackClock "0:00:11"]

1. e4 c6 2. Nf3 d5 3. d3 Qc7 4. Nc3 dxe4 5. dxe4 e5 6. h3 h6 7. a3 Nf6 8. Bc4 b5 9. Bb3 Bc5 10. Qe2 a5 11. Be3 Na6 12. O-O O-O 13. Rfd1 Qe7 14. Bxc5 Nxc5 15. Ba2 Be6 16. Bxe6 Nxe6 17. Qe3 Nf4 18. Ne2 N6h5 19. Kh2 Rfd8 20. g3 Nxe2 21. Qxe2 Nf6 22. Qe3 Qe6 23. b3 a4 24. Rxd8+ Rxd8 25. bxa4 bxa4 26. Rb1 Qc4 27. Nxe5 Qxc2 28. Rc1 Qxe4 29. Qxe4 Nxe4 30. Rc2 c5 31. Kg2 Rd5 32. Nc4 Rd3 33. f3 Ng5 34. Ne5 Rxa3 35. Rxc5 Ra2+ 36. Kf1 Nxh3 37. Rc8+ Kh7 38. Nxf7 Rf2+ 39. Ke1 Rxf3 40. Rh8+ Kg6 41. Ne5+ Kf5 42. Nxf3 Kg4 43. Ne5+ Kxg3 44. Ra8 g5 45. Rxa4 h5 46. Ra3+ Kg2 47. Ra2+ Kg3 48. Kf1 g4 49. Ng6 Ng5 50. Rg2+ Kh3 51. Nf4+ Kh4 52. Ra2 g3 53. Kg2 Kg4 54. Ra4 Kf5 55. Nh3 Ne4 56. Ra5+ Kg4 57. Ra8 h4 58. Rf8 Nc3 59. Rf4+ Kh5 60. Rc4 Nd1 61. Kf3 Nb2 62. Rd4 Kg6 63. Rxh4 Nd3 64. Kxg3 Kf5 65. Kf3 Ne5+ 66. Ke2 Ng6 67. Ra4 Ne5 68. Nf2 Nc6 69. Nd3 Ke6 70. Ke3 Kd5 71. Rh4 Ne7 72. Rh5+ Ke6 73. Ke4 Ng8 74. Nf4+ Kf7 75. Ra5 Nf6+ 76. Kf5 Nd7 77. Nd5 1-0


[Site "https://www.chess.com"]

[Event "Titled Tuesday Blitz January 25 2022"]
[White "Dastan, Muhammed Batuhan"]
[Black "Tregubov, Pavel V."]
[WhiteFideId "6300014"]
[BlackFideId "4115341"]
[WhiteElo "2410"]
[BlackElo "2341"]
[Result "1-0"]
[Round "11"]
[TimeControl "180+1"]
[Date "2022.01.26"]
[WhiteClock "0:00:23"]
[BlackClock "0:00:06"]

1. d4 Nf6 2. c4 e6 3. Nc3 Bb4 4. Qc2 c5 5. dxc5 O-O 6. Nf3 Na6 7. g3 Nxc5 8. Bg2 Nce4 9. O-O Bxc3 10. bxc3 d5 11. cxd5 exd5 12. Be3 Bf5 13. Qb3 Rc8 14. Qxb7 Nxc3 15. Nd4 Rc7 16. Qb3 Be4 17. f3 Bg6 18. Rac1 Qc8 19. Bd2 Nb1 20. Rxb1 Bxb1 21. Rxb1 Nd7 22. Qxd5 Nb6 23. Qf5 Qd8 24. Be3 Re8 25. Bf2 Nc4 26. e4 Na3 27. Rd1 Nc2 28. Rd2 Nxd4 29. Rxd4 Rc1+ 30. Bf1 Qb8 31. Kg2 Rc2 32. Qb5 Rxa2 33. Qxb8 Rxb8 34. Bc4 Rc2 35. g4 h5 36. Kg3 h4+ 37. Kxh4 Rxf2 38. Kg3 Rfb2 39. Rd7 R2b7 40. Rd6 a5 41. Ra6 Rc7 42. Bd5 Rb5 43. g5 g6 44. Kf4 Kg7 45. h4 Rbc5 46. Rb6 Ra7 47. h5 gxh5 48. Kg3 a4 49. Rb2 a3 50. Ra2 Rb5 51. f4 Rb2 52. Ra1 a2 53. f5 Ra3+ 54. Kf4 f6 55. gxf6+ Kxf6 56. e5+ Ke7 57. f6+ Kd7 58. e6+ Kd6 59. e7 Re2 60. Bf7 Ra8 61. Rxa2 Rexa2 62. Bxa2 Kd7 63. Bf7 h4 64. Kg4 Ra4+ 65. Kh3 Ra8 66. Kxh4 Rb8 67. Kg5 Ra8 68. Kg6 Rb8 69. e8=Q+ 1-0


[Site "https://www.chess.com"]

[Event "Titled Tuesday Blitz January 25 2022"]
[White "De Silva, L M S T"]
[Black "Timofeev, Artyom"]
[WhiteFideId "9953698"]
[BlackFideId "4140419"]
[WhiteElo "1631"]
[BlackElo "2583"]
[Result "1-0"]
[Round "11"]
[TimeControl "180+1"]
[Date "2022.01.26"]
[WhiteClock "0:00:17"]
[BlackClock "0:00:08"]

1. e4 c5 2. Nf3 d6 3. d4 cxd4 4. Nxd4 Nf6 5. Nc3 Nc6 6. Nde2 g6 7. g3 Bg7 8. Bg2 Rb8 9. a4 O-O 10. O-O a6 11. h3 b5 12. axb5 axb5 13. Be3 Nd7 14. Nd4 Bxd4 15. Bxd4 b4 16. Nd5 e6 17. Ne3 Qc7 18. b3 Nxd4 19. Qxd4 Bb7 20. Rfd1 Nc5 21. Ng4 e5 22. Qxd6 Qxd6 23. Rxd6 Kg7 24. Nxe5 Bxe4 25. Bxe4 Nxe4 26. Rd7 Rb5 27. Nd3 Nf6 28. Rd4 Rfb8 29. Ra7 Nd5 30. Nf4 Nxf4 31. Rxf4 R8b7 32. Rxb7 Rxb7 33. Kf1 g5 34. Rc4 Kf6 35. Ke2 Ke6 36. Kf3 f5 37. g4 fxg4+ 38. Kxg4 h6 39. Rc6+ Ke5 40. Rxh6 Rc7 41. Rb6 Rxc2 42. Rxb4 Rxf2 43. Kxg5 Rg2+ 44. Rg4 Rb2 45. b4 Ke6 46. Kg6 Ke7 47. h4 Kf8 48. Kh7 Kf7 49. Rf4+ Ke6 50. h5 Rg2 51. h6 Rg5 52. Rf1 Ke7 53. Rb1 Kf6 54. b5 Rd5 55. Rf1+ Kg5 56. Rg1+ Kf6 57. b6 Rb5 58. Rg6+ Kf7 59. b7 Rb1 60. Rg8 Rxb7 61. Rg7+ Kf8 62. Rxb7 1-0


[Site "https://www.chess.com"]

[Event "Titled Tuesday Blitz January 25 2022"]
[White "Deac, Bogdan-Daniel"]
[Black "Nakamura, Hikaru"]
[WhiteFideId "1226380"]
[BlackFideId "2016192"]
[WhiteElo "2646"]
[BlackElo "2850"]
[Result "0-1"]
[Round "11"]
[TimeControl "180+1"]
[Date "2022.01.26"]
[WhiteClock "0:00:07"]
[BlackClock "0:00:29"]

1. e4 e5 2. Nf3 Nc6 3. Bb5 Nf6 4. O-O Nxe4 5. Re1 Nd6 6. Nxe5 Be7 7. Bf1 Nxe5 8. Rxe5 O-O 9. Nc3 Ne8 10. Nd5 Bd6 11. Re1 c6 12. Ne3 Be7 13. c4 Nc7 14. d4 d5 15. cxd5 Bb4 16. Bd2 Bxd2 17. Qxd2 Nxd5 18. Nxd5 Qxd5 19. Re5 Qd6 20. Bc4 Bd7 21. Rae1 b5 22. Bb3 a5 23. a3 a4 24. Ba2 Rad8 25. Qc3 Rfe8 26. Qf3 Be6 27. Bxe6 Rxe6 28. Rxe6 fxe6 29. h3 Rf8 30. Qe4 Rf4 31. Qxe6+ Qxe6 32. Rxe6 Rxd4 33. Rxc6 Rd1+ 34. Kh2 Rd2 35. b3 axb3 36. Rc3 Rb2 37. Rc5 b4 38. a4 Rc2 39. Rb5 Rc4 40. a5 b2 41. a6 b1=Q 42. a7 Rc8 43. Rb8 Qc1 44. a8=Q Qf4+ 45. g3 Qxb8 0-1


[Site "https://www.chess.com"]

[Event "Titled Tuesday Blitz January 25 2022"]
[White "Dilmukhametov, Artur"]
[Black "Ambartsumova, Karina"]
[WhiteFideId "24179922"]
[BlackFideId "4166299"]
[WhiteElo "2266"]
[BlackElo "2262"]
[Result "1-0"]
[Round "11"]
[TimeControl "180+1"]
[Date "2022.01.26"]
[WhiteClock "0:00:41"]
[BlackClock "0:00:03"]

1. d4 Nf6 2. Nc3 d5 3. Bf4 g6 4. Nf3 Bg7 5. Qd2 O-O 6. Bh6 c5 7. Bxg7 Kxg7 8. dxc5 Qa5 9. e4 Qxc5 10. exd5 Rd8 11. O-O-O Bf5 12. Bd3 Bxd3 13. Qxd3 Qxf2 14. Rd2 Qc5 15. Re1 Na6 16. Ne4 Qa5 17. Nxf6 exf6 18. a3 Nb4 19. Qb3 Nxd5 20. Red1 Nf4 21. Qxb7 Rab8 22. Qe4 Qb6 23. b3 Ne6 24. Rxd8 Rxd8 25. Rxd8 Qxd8 26. Qe3 Qa5 27. Kb2 h5 28. Nd2 Qe5+ 29. Qxe5 fxe5 30. c4 f5 31. b4 e4 32. Kc3 Kf6 33. c5 Ke5 34. Kc4 e3 35. Nf3+ Ke4 36. b5 e2 37. b6 Nd4 38. Ne1 axb6 39. cxb6 Ke3 40. b7 Nc6 41. Kc5 Nb8 42. a4 Kf2 43. Nd3+ Kxg2 44. a5 Kf1 45. Kb6 f4 46. a6 f3 47. a7 f2 48. axb8=Q e1=Q 49. Nxe1 fxe1=Q 50. Qf4+ Kg2 51. Qg3+ Qxg3 52. hxg3 Kxg3 53. b8=Q+ Kg4 54. Qc8+ Kf4 55. Qf8+ Kg4 56. Qc8+ Kf4 57. Qc4+ Kf5 58. Qf7+ Kg5 59. Kc5 h4 60. Kd4 h3 61. Ke3 h2 62. Qf4+ Kh5 63. Qxh2+ 1-0


[Site "https://www.chess.com"]

[Event "Titled Tuesday Blitz January 25 2022"]
[White "Djidjeli, Sarah"]
[Black "Petesch, Gabriel"]
[WhiteFideId "36067474"]
[BlackFideId "2032465"]
[WhiteElo "1990"]
[BlackElo "2374"]
[Result "0-1"]
[Round "11"]
[TimeControl "180+1"]
[Date "2022.01.26"]
[WhiteClock "0:02:28"]
[BlackClock "0:02:00"]

1. e4 d5 2. exd5 Qxd5 3. Nf3 Nf6 4. d4 c6 5. c4 Qd8 6. Nc3 Bg4 7. Be2 e6 8. Bf4 Bd6 9. Bg5 Be7 10. O-O O-O 11. Qd3 Nbd7 12. h3 Bxf3 13. Bxf3 Ne5 14. Qe3 Nxc4 15. Qe2 Nd6 16. Rfd1 Re8 17. Rac1 Nd5 18. Bf4 Nxf4 0-1


[Site "https://www.chess.com"]

[Event "Titled Tuesday Blitz January 25 2022"]
[White "Djordjevic, Vuk"]
[Black "Postnikov, Daniil"]
[WhiteFideId "902098"]
[BlackFideId "4166329"]
[WhiteElo "2463"]
[BlackElo "2261"]
[Result "1-0"]
[Round "11"]
[TimeControl "180+1"]
[Date "2022.01.26"]
[WhiteClock "0:00:41"]
[BlackClock "0:00:05"]

1. d4 Nf6 2. c4 c5 3. g4 cxd4 4. g5 Ne4 5. Qxd4 Qa5+ 6. Bd2 Nxd2 7. Qxd2 Qxd2+ 8. Kxd2 Nc6 9. Nc3 e6 10. Nb5 Bb4+ 11. Kc2 Ke7 12. a3 Ba5 13. b4 Bd8 14. Nc3 d6 15. e3 Bd7 16. Bg2 Rc8 17. f4 f6 18. h4 h6 19. g6 e5 20. Nge2 Bf5+ 21. e4 Bxg6 22. Bh3 Rb8 23. Rhg1 Kf7 24. Be6+ Kxe6 25. Rxg6 Kf7 26. Rag1 Rg8 27. f5 Bb6 28. R1g2 Nd4+ 29. Nxd4 Bxd4 30. Nb5 Rbd8 31. Kd3 Bb6 32. a4 a6 33. Nc3 Bd4 34. Ne2 Bb6 35. Ng3 a5 36. bxa5 Bxa5 37. Nh5 Be1 38. Rxg7+ Rxg7 39. Rxg7+ Kf8 40. Rg6 Bxh4 41. Rxh6 Bg5 42. Rh8+ Ke7 43. Rh7+ Ke8 44. Ng7+ Kf7 45. Ne6+ Kg8 46. Rg7+ Kh8 47. Rxg5 1-0


[Site "https://www.chess.com"]

[Event "Titled Tuesday Blitz January 25 2022"]
[White "Donchenko, Alexander"]
[Black "Sanal, Vahap"]
[WhiteFideId "24603295"]
[BlackFideId "6300545"]
[WhiteElo "2539"]
[BlackElo "2603"]
[Result "0-1"]
[Round "11"]
[TimeControl "180+1"]
[Date "2022.01.26"]
[WhiteClock "0:00:56"]
[BlackClock "0:00:35"]

1. c4 Nf6 2. g3 g6 3. Bg2 Bg7 4. Nc3 O-O 5. d4 d6 6. Nf3 c6 7. O-O Qb6 8. b3 e5 9. Bb2 e4 10. Ne1 d5 11. Rb1 Re8 12. Nc2 Be6 13. Ne3 Nbd7 14. cxd5 cxd5 15. Qd2 h5 16. Na4 Qd6 17. Rbc1 b6 18. Nc3 a6 19. Nb1 h4 20. Ba3 Qb8 21. Rc6 h3 22. Bh1 Qd8 23. Rfc1 Bh6 24. Bd6 Ng4 25. Bc7 Qe7 26. Bd6 Qd8 27. Bc7 Qe7 28. Bd6 Bxe3 29. Qxe3 Nxe3 30. Bxe7 Nf5 31. Rxe6 fxe6 32. Bg5 Nxd4 33. Re1 Rac8 34. Be3 Nc2 0-1


[Site "https://www.chess.com"]

[Event "Titled Tuesday Blitz January 25 2022"]
[White "FGHSMN"]
[Black "Vlassov, Nikolai"]
[BlackFideId "4103360"]
[WhiteElo "2716"]
[BlackElo "2407"]
[Result "1-0"]
[Round "11"]
[TimeControl "180+1"]
[Date "2022.01.26"]
[WhiteClock "0:00:40"]
[BlackClock "0:00:34"]

1. b3 e5 2. Bb2 Nc6 3. c4 Nf6 4. e3 Bc5 5. a3 a5 6. Qc2 O-O 7. d3 d5 8. cxd5 Qxd5 9. Nc3 Qd8 10. Nf3 Be6 11. Be2 Re8 12. O-O h6 13. Rfd1 Qe7 14. Na4 Ba7 15. Nxe5 Nxe5 16. Bxe5 Bxb3 17. Qxb3 Qxe5 18. d4 Qf5 19. Qxb7 c5 20. Bd3 Qh5 21. dxc5 Bxc5 22. Bc4 Ng4 23. Qxf7+ Qxf7 24. Bxf7+ Kxf7 25. Nxc5 Re7 26. h3 Ne5 27. Rab1 Rc8 28. Ne4 Rc2 29. Rd2 Rc6 30. Rd4 Rec7 31. Rb5 Nc4 32. Rxc4 Rxc4 33. Nd6+ Ke6 34. Nxc4 Rxc4 35. Rxa5 Rc1+ 36. Kh2 Rc2 37. f3 g6 38. e4 h5 39. h4 Kf6 40. Kg3 Ra2 41. Ra6+ Kf7 42. a4 Kg7 43. a5 Kf7 44. Ra8 Kg7 45. a6 1-0


[Site "https://www.chess.com"]